 Dungeon Crawl Stone Soup version 0.28.0-53-g5a82cb258f (webtiles) character file.

Game seed: 92350537194315855

1 Ashen the Chiller (level 1, -1/13 HPs)
             Began as a Demonspawn Ice Elementalist on July 13, 2022.
             Slain by a hobgoblin (4 damage)
             ... on level 2 of the Dungeon.
             The game lasted 00:00:31 (48 turns).

Ashen the Chiller (Demonspawn Ice Elementalist)       Turns: 48, Time: 00:00:31

Health: -1/13      AC:  2    Str:  8    XL:     1   Next: 16%
Magic:  1/3        EV: 12    Int: 16    God:
Gold:   0          SH:  0    Dex: 13    Spells: 3/4 levels left

rFire   . . .      SeeInvis .   (no weapon)
rCold   . . .      Faith    .   (no shield)
rNeg    . . .      Spirit   .   a - +0 robe
rPois   .          Reflect  .   (no helmet)
rElec   .          Harm     .   (no cloak)
rCorr   .          Rampage  .   (no gloves)
Will    .....                   (no boots)
Stlth   ++........              (no amulet)
HPRegen 0.04/turn               (no ring)
MPRegen 0.08/turn               (no ring)

@: no status effects
A: no striking features
a: no special abilities


You were on level 2 of the Dungeon.
You visited 1 branch of the dungeon, and saw 2 of its levels.

Inventory:

Armour
 a - a +0 robe (worn)
Potions
 b - a potion of heal wounds {unknown}


   Skills:
 + Level 0.0 Fighting
 + Level 1.8 Dodging
 + Level 1.8 Stealth
 + Level 2.0 Spellcasting
 + Level 3.6 Ice Magic


You had 3 spell levels left.
You knew the following spells:

 Your Spells              Type           Power      Damage    Failure   Level
a - Freeze                Ice            52%        1d7       4%          1

Your spell library contained the following spells:

 Spells                   Type           Power      Damage    Failure   Level
 Frozen Ramparts          Ice            26%        1d4       14%         3
 Ozocubu's Armour         Ice            13%        N/A       14%         3
 Animate Skeleton         Necr           2%         N/A       21%         1
 Apportation              Tloc           2%         N/A       21%         1
 Summon Small Mammal      Summ           4%         N/A       21%         1
 Hailstorm                Conj/Ice       7%         3d4       69%         4


Dungeon Overview and Level Annotations

Branches:
Dungeon (2/15)

Altars:


Message History

The hobgoblin barely misses you.
A goblin comes into view. It is wielding a +0 club.
Casting: Freeze (safe; 4% risk of failure)
Confirm with . or Enter, or press ? or * to list all spells.
Aiming: Freeze (safe; 4% risk of failure)
Press: ? - help, Shift-Dir - straight line, f/p - hobgoblin
Aim: a hobgoblin (moderately wounded)
You freeze the hobgoblin.
The hobgoblin is heavily wounded.
The hobgoblin hits you.
Casting: Freeze (safe; 4% risk of failure)
Confirm with . or Enter, or press ? or * to list all spells.
You don't have enough magic to cast this spell.
The hobgoblin hits you but does no damage.
The bat barely misses you.
There is a stone staircase leading up here.
The bat hits you but does no damage.
The bat enters a dispersal trap!
The hobgoblin blinks! x2; You blink.
You stop ascending the stairs.
The bat blinks!
Casting: Freeze (safe; 4% risk of failure)
Confirm with . or Enter, or press ? or * to list all spells.
Aiming: Freeze (safe; 4% risk of failure)
Press: ? - help, Shift-Dir - straight line, f - bat
Aim: a bat You freeze the bat.
The bat is severely wounded.
The bat hits you but does no damage. The bat hits you.
The bat hits you but does no damage. The bat hits you.
The bat hits you but does no damage.
A hobgoblin comes into view.
Found a faded altar of an unknown god.
The bat misses you. x2
The bat barely misses you.
The hobgoblin shouts!
You miss the bat.
The bat is moderately wounded.
The bat closely misses you. The bat barely misses you. The hobgoblin hits you.
* * * LOW HITPOINT WARNING * * *
The bat hits you but does no damage. The hobgoblin hits you.
You die...

##g.####
#......#
#..###.#
##..# #...#
#..#.#
#.##.#######
#..#..bg....#
#.##..@.....#
#. #........#
#........#
#⌠.......#
#........#
#._......#
##...#####
#####


You could see a hobgoblin and a bat.

Vanquished Creatures
  A quokka (D:2)
1 creature vanquished.

Notes
Turn   | Place    | Note
-------+----------+-------------------------------------------
     0 | D:1      | Ashen the Demonspawn Ice Elementalist began the quest for
                  | the Orb.
     0 | D:1      | Reached XP level 1. HP: 13/13 MP: 3/3
    22 | D:1      | You fall into a shaft and drop 1 floor!
    45 | D:2      | Found a faded altar of an unknown god.
    48 | D:2      | Slain by a hobgoblin

Illustrated notes

Levels and vault maps discovered:
D:1:      matt_arrival_los_fun, layout_loops_ring, serial_shops, shop,
          nicolae_shop_stone, shop
D:2:      cheibrodos_fertilizer, layout_rooms,
          ebering_ecumenical_altar_abandoned, minmay_circle_x, uniq_robin

Action                   || total
-------------------------++-------
Melee: Unarmed           ||     2
 Cast: Freeze            ||     4
 Stab: Sleeping          ||     1
Armor: Robe              ||     6
Dodge: Dodged            ||     7
